 Dungeon Crawl Stone Soup version 0.19.0-22-gd96e5fe (webtiles) character file.

819 Haldmier the Sneak (level 7, -6/45 (46) HPs)
             Began as a Vampire Earth Elementalist on Nov 19, 2016.
             Killed from afar by an orc wizard (11 damage)
             ... with a puff of flame
             ... on level 6 of the Dungeon.
             The game lasted 00:26:38 (5514 turns).

Haldmier the Sneak (Vampire Earth Elementalist)     Turns: 5514, Time: 00:26:39

HP:   -6/45 (46)    AC:  3    Str:  9    XL:     7   Next: 63%
MP:   10/10         EV: 13    Int: 17    God:
Gold: 320           SH:  0    Dex: 15    Spells: 3 memorised, 4 levels left

rFire  . . .     SeeInvis +     b - 47 stones
rCold  . . .     Gourm    .     c - +0 robe
rNeg   + . .     Faith    .     (no shield)
rPois  .         Spirit   .     (no helmet)
rElec  .         Reflect  .     l - +0 cloak
rCorr  .         Harm     .     (no gloves)
MR     .....                    (no boots)
Stlth  +++.......               (no amulet)
                                (no ring)
                                (no ring)

@: no status effects
A: fangs 3, see invisible, unbreathing
a: Bat Form


You were on level 6 of the Dungeon.
You were not thirsty.

You visited 1 branch of the dungeon, and saw 6 of its levels.

You collected 320 gold pieces.

Inventory:

Hand Weapons
 a - a +2 dagger of flaming
Missiles
 b - 47 stones (in hand)
 k - a throwing net
 o - a poisoned javelin (quivered)
 u - 4 tomahawks
Armour
 c - a +0 robe (worn)
 h - a +0 leather armour
 l - a +0 cloak (worn)
 p - a +0 ring mail
Jewellery
 t - a +1 ring of evasion {unknown}
 A - an uncursed amulet of rage {unknown}
Wands
 x - a wand of slowing (5/48)
 y - a wand of confusion (11/48)
Scrolls
 d - a scroll of brand weapon {unknown}
 g - 2 scrolls of teleportation {unknown}
 j - a scroll of blinking {unknown}
 m - 5 scrolls of identify {unknown}
 q - a scroll of magic mapping {unknown}
 r - a scroll of amnesia {unknown}
 s - a scroll of noise {unknown}
 w - 2 scrolls of remove curse {unknown}
Potions
 f - 3 potions of curing {unknown}
 i - 2 potions of magic {unknown}
 n - a potion of degeneration {unknown}
 v - a potion of might {unknown}
 B - a potion of heal wounds {unknown}
Books
 e - a book of Geomancy

   Spells                             Type                      Level
   a - Sandblast                      Earth                        1
   b - Passwall                       Transmutation/Earth          2
   c - Stone Arrow                    Conjuration/Earth            3
   d - Petrify                        Transmutation/Earth          4
   e - Lee's Rapid Deconstruction     Earth                        5
 z - a book of Debilitation

   Spells                             Type                      Level
   a - Corona                         Hexes                        1
   b - Slow                           Hexes                        2
   c - Gell's Gravitas                Hexes/Translocation          3
   d - Inner Flame                    Hexes/Fire                   3
   e - Cause Fear                     Hexes                        4
   f - Leda's Liquefaction            Hexes/Earth                  4


   Skills:
 + Level 6.5 Short Blades
 - Level 2.1 Dodging
 + Level 6.7 Stealth
 - Level 2.0 Spellcasting
 + Level 2.2 Conjurations
 - Level 1.1 Transmutations
 - Level 4.3 Earth Magic


You had 4 spell levels left.
You knew the following spells:

 Your Spells              Type           Power        Failure   Level  Hunger
a - Sandblast             Erth           ###...       3%          1    #......
b - Passwall              Tmut/Erth      ##........   12%         2    ###....
c - Stone Arrow           Conj/Erth      ##....       17%         3    ###....


Dungeon Overview and Level Annotations

Branches:
Dungeon (6/15)             Temple (0/1) D:6

Altars:
Dithmenos
Makhleb
Qazlal
Ru

Shops:
D:5 %


Innate Abilities, Weirdness & Mutations

You have razor-sharp teeth.
You have supernaturally acute eyesight. (SInv)
You can survive without breathing.


Message History

You kill the orc priest!
The orc misses you. The orc hits you with a short sword.
* * * LOW HITPOINT WARNING * * *
There is an escape hatch in the ceiling here.
The orc hits you with a mace!
* * * LOW HITPOINT WARNING * * *
There is a stone staircase leading up here.
Found a stone staircase leading up.
An orc wizard and a skeleton come into view.
An orc warrior comes into view. It is wielding an enchanted scimitar.
The orc wizard shouts!
Found a staircase to the Ecumenical Temple.
The orc wizard casts a spell.
The orc wizard seems to speed up. 2 orc priests come into view.
The orc wizard casts a spell.
The orc wizard flickers and vanishes for a moment.
The orc wizard points at you and mumbles some strange words.
The puff of flame hits you!
You die...

.. #.. .. .##..# .##
.......## ##.. o........#
#..# >o.......# #..#
.o.Z.....#### ####.###
...o........######......###
..........@.........###...#
..........####......# ###..
..<.....o.# #......# ##.
........### #......# #.
.......o# #......## #.
....##..# #.o.....# #. .##
#..# ###.......# ##
#..####.#.......#§§§§#
###....o..........#§§§§#


You could see an orc wizard (invisible), 2 orcs and a quokka skeleton
(wandering).

Vanquished Creatures
  A necrophage (D:5)
  A phantom (D:5)
  2 ogres
  A centaur zombie (D:5)
  A hound (D:2)
  An orc wizard (D:5)
  A centaur skeleton (D:4)
  An orc priest (D:6)
  Crazy Yiuf (D:5)
  Jessica (D:3)
  Ijyb (D:1)
  2 worker ants
  A hound skeleton (D:4)
  10 adders
  An ooze (D:3)
  2 adder skeletons (D:4)
  A worm (D:2)
  3 dart slugs
  6 leopard geckos
  7 orcs
  5 bats
  4 giant cockroaches
  6 goblins
  6 hobgoblins
  2 jackals (D:3)
  4 quokkas
  2 ball pythons
  8 frilled lizards
  3 kobolds
  5 rats
90 creatures vanquished.

Notes
Turn   | Place    | Note
-------+----------+-------------------------------------------
     0 | D:1      | Haldmier the Vampire Earth Elementalist began the quest for the Orb.
     0 | D:1      | Reached XP level 1. HP: 13/13 MP: 3/3
   406 | D:1      | Reached XP level 2. HP: 19/19 MP: 0/5
   932 | D:1      | Learned a level 2 spell: Passwall
  1067 | D:1      | Reached XP level 3. HP: 24/24 MP: 3/6
  1539 | D:2      | Reached skill level 1 in Short Blades
  1556 | D:2      | Found a burning altar of Makhleb.
  1563 | D:2      | Reached XP level 4. HP: 28/30 MP: 4/7
  1739 | D:2      | Noticed Ijyb
  1793 | D:1      | Killed Ijyb
  2429 | D:3      | Reached XP level 5. HP: 35/35 MP: 5/8
  2854 | D:3      | Noticed Jessica
  2858 | D:3      | Killed Jessica
  2983 | D:3      | Reached skill level 5 in Short Blades
  3183 | D:4      | Noticed an ogre
  3243 | D:4      | Killed an ogre
  3243 | D:4      | Reached XP level 6. HP: 26/41 MP: 4/9
  3614 | D:4      | Learned a level 3 spell: Stone Arrow
  4056 | D:5      | Entered Level 5 of the Dungeon
  4064 | D:5      | Found a shadowy altar of Dithmenos.
  4085 | D:5      | Reached skill level 5 in Stealth
  4085 | D:5      | Reached skill level 1 in Conjurations
  4156 | D:5      | Reached XP level 7. HP: 27/46 MP: 7/10
  4378 | D:5      | Found a runed door.
  4382 | D:5      | Noticed Crazy Yiuf
  4386 | D:5      | Killed Crazy Yiuf
  4632 | D:5      | Found Ososi's Food Emporium.
  5447 | D:6      | Found a sacrificial altar of Ru.
  5457 | D:6      | Found a stormy altar of Qazlal.
  5483 | D:6      | HP: 1/45 [orc/mace (7)]
  5510 | D:6      | Found a staircase to the Ecumenical Temple.
  5514 | D:6      | Killed from afar by an orc wizard

Skill      XL: |  1  2  3  4  5  6  7 |
---------------+----------------------+-----
Earth Magic    | 4 |  4.3
Short Blades   | 2 3 5 6 |  6.5
Stealth        | 4 5 6 |  6.7
Conjurations   | 1 2 |  2.2
Dodging        | |  2.1
Spellcasting   | |  2.0
Transmutations | |  1.1

Action                   |  1- 3 |  4- 6 |  7- 9 || total
-------------------------+-------+-------+-------++-------
Melee: Unarmed           |     4 |       |       ||     4
       Club              |    11 |       |       ||    11
       Bite              |     1 |    18 |     1 ||    20
       Dagger            |     5 |   191 |    31 ||   227
Throw: Javelin           |       |     4 |     2 ||     6
 Cast: Sandblast         |    43 |    60 |    19 ||   122
 Stab: Sleeping          |     4 |     8 |     2 ||    14
       Distracted        |       |     1 |       ||     1
  Eat: Corpse            |     3 |    15 |     2 ||    20
Armor: Robe              |     8 |    42 |     2 ||    52
Dodge: Dodged            |    26 |   127 |    17 ||   170
